 Dungeon Crawl Stone Soup version 0.30.0-20-g3615ddf2f0 (webtiles) character file.

Game seed: 15838264353809788664

103 qw the Chopper (level 4, -6/28 HPs)
             Began as a Gargoyle Fighter on May 31, 2023.
             Mangled by an orc
             ... wielding a +0 flail
              (7 damage)
             ... on level 3 of the Dungeon.
             The game lasted 00:00:55 (2237 turns).

qw the Chopper (Gargoyle Fighter)                   Turns: 2237, Time: 00:00:56

Health: -6/28      AC: 12    Str: 21    XL:     4   Next: 79%
Magic:  4/4        EV:  9    Int:  9    God:
Gold:   96         SH:  4    Dex:  9    Spells: 3/3 levels left

rFire   . . .        Y - +2 war axe
rCold   . . .        c - +0 buckler
rNeg    + . .        b - +0 scale mail
rPois   inf          (no helmet)
rElec   +            l - +1 cloak
rCorr   .            (no gloves)
SInv    .            (no boots)
Will    .....        (no amulet) Stlth
                     (no ring)
HPRegen 0.24/turn    (no ring)
MPRegen 0.09/turn

%: no passive effects
@: no status effects
A: sickness immunity, AC +3, negative energy resistance 1, electricity
resistance, torment resistance 1, petrification resistance
a: no special abilities


You were on level 3 of the Dungeon.
You visited 1 branch of the dungeon, and saw 3 of its levels.

You collected 96 gold pieces.


Innate Abilities, Weirdness & Mutations

You are immune to sickness and miasma.
Your stone body is resilient. (AC +3)
You are immune to poison.
You resist negative energy. (rN+)
You are resistant to electric shocks. (rElec)
You are resistant to unholy torment.
You are immune to petrification.


   Skills:
 - Level 3.2 Fighting
 + Level 4.4 Axes
 - Level 3.2 Armour
 - Level 3.2 Shields


You had 3 spell levels left.
You didn't know any spells.
Your spell library was empty.

Inventory:

Hand Weapons
 e - a +0 flail
 Y - a +2 war axe (weapon)
Armour
 b - a +0 scale mail (worn)
 c - a +0 buckler (worn)
 j - a +0 pair of boots
 l - a +1 cloak (worn)
Scrolls
 a - 3 scrolls of identify
 m - a scroll of noise {unknown}
Potions
 d - a potion of might
 f - a potion of curing {unknown}
 g - a potion of haste {unknown}
 h - 2 potions of heal wounds {unknown}
 i - a potion of resistance {unknown}
 k - a potion of magic {unknown}

Dungeon Overview and Level Annotations

Branches:
Dungeon (3/15)

Altars:


Message History

You slash the orc!
You kill the orc!
Things that are here:
a +0 club; an orc corpse The orc priest begins to cast a cantrip, but forgets the words!
You closely miss the orc priest.
The orc priest looks satisfied for a moment.
You hit the orc priest.
The orc priest is moderately wounded.
The orc priest barely misses you.
You slash the orc priest!
The orc priest is almost dead.
You hit the orc.
The orc priest invokes the aid of Beogh against you.
Beogh smites you! The orc closely misses you. x2
You completely miss the orc priest.
The orc priest is almost dead.
You closely miss the orc wizard. You slash the orc!
You kill the orc!
The orc wizard hits you but does no damage.
The orc priest hits you but does no damage.
You barely miss the orc priest.
The orc priest is almost dead.
You slash the orc wizard! You block the orc wizard's attack.
The orc priest begins to cast a cantrip, but forgets the words!
You closely miss the orc priest.
The orc priest is almost dead.
You hit the orc wizard. You barely miss the orc.
The orc wizard hits you but does no damage.
The orc priest hits you with a +0 war axe.
The orc hits you but does no damage.
You hit the orc wizard.
You kill the orc wizard!
You completely miss the orc priest. You barely miss the orc.
The orc priest mumbles some strange prayers to Beogh against you.
Beogh smites you!
Ouch! That really hurt!
The orc hits you with a +0 flail!
You die...

########## #
####.:......##############
#..'....)@).............).
#####.##.....oo.##############
+...............# #
####...######### # #...).#
+#####.....# ...........#
...........# ..........)#


You could see an orc priest and an orc.

Vanquished Creatures
  An orc wizard (D:3)
  4 gnolls (D:2)
  2 adders
  2 worms
  2 dart slugs
  3 orcs (D:3)
  2 ball pythons
  3 endoplasms
  A goblin (D:2)
  3 hobgoblins
  2 quokkas
  3 frilled lizards
  4 kobolds
  4 rats
36 creatures vanquished.

Notes
Turn   | Place    | Note
-------+----------+-------------------------------------------
     0 | D:1      | qw the Gargoyle Fighter began the quest for the Orb.
     0 | D:1      | Reached XP level 1. HP: 14/14 MP: 1/1
     0 | D:1      | 0 ||| qw: Version: 0.2-a-102-gfc559e5
     0 | D:1      | 0 ||| qw: Game counter: 590
     0 | D:1      | 0 ||| qw: Always use a shield: true
     0 | D:1      | 0 ||| qw: God list: Okawaru
     0 | D:1      | 0 ||| qw: Allow faded altars: false
     0 | D:1      | 0 ||| qw: Do Orc after D:15 true
     0 | D:1      | 0 ||| qw: Do second Lair branch before Depths: true
     0 | D:1      | 0 ||| qw: Lair rune preference: random
     0 | D:1      | 0 ||| qw: Plans: Normal, Zot:1-4, Slime:5, God:TSO, Crypt,
                  | Tomb, Pan, Hells, Abyss, Win
     0 | D:1      | 0 ||| PLANNING D:1-11
   133 | D:1      | Reached skill level 2 in Axes
   275 | D:1      | Reached XP level 2. HP: 19/19 MP: 2/2
   762 | D:1      | 762 ||| UPGRADING to +0 cloak.
   767 | D:1      | 767 ||| READING 2 scrolls labelled DYELAO ROGOGAM.
   768 | D:1      | 768 ||| READING scroll of enchant weapon.
   768 | D:1      | 768 ||| ENCHANTING +1 war axe.
   769 | D:1      | 769 ||| READING 2 scrolls labelled AMAIZU EKUST.
   770 | D:1      | 770 ||| READING scroll labelled BUS KYMOTHRUABU.
   771 | D:1      | 771 ||| READING 2 scrolls labelled RUICIPS DURAME.
   772 | D:1      | 772 ||| READING scroll of enchant armour.
   772 | D:1      | 772 ||| ENCHANTING +0 cloak.
   773 | D:1      | 773 ||| READING scroll labelled FEDIDGH JILUQYK.
   778 | D:1      | 778 ||| DROPPING scroll of fear.
   835 | D:2      | Reached skill level 3 in Axes
   835 | D:2      | Reached XP level 3. HP: 23/23 MP: 3/3
  1048 | D:2      | 1048 ||| Stepping ~*~*~tactically~*~*~ (stealth).
  1050 | D:2      | 1050 ||| Stepping ~*~*~tactically~*~*~ (hiding).
  1052 | D:2      | 1052 ||| Stepping ~*~*~tactically~*~*~ (hiding).
  1053 | D:2      | 1053 ||| Stepping ~*~*~tactically~*~*~ (hiding).
  1054 | D:2      | 1054 ||| Stepping ~*~*~tactically~*~*~ (hiding).
  1066 | D:2      | Reached XP level 4. HP: 8/28 MP: 4/4
  1066 | D:2      | HP: 6/28 [gnoll/+0 spear (2)]
  1072 | D:2      | HP: 5/28 [gnoll/+0 spear (3)]
  1075 | D:2      | Reached skill level 4 in Axes
  1168 | D:2      | 1168 ||| DROPPING +0 whip.
  1878 | D:2      | 1878 ||| READING 3 scrolls labelled DORCHA QAXEMOT.
  1879 | D:2      | 1879 ||| READING scroll labelled LOPPAWN YTSEMMIL.
  1880 | D:2      | 1880 ||| READING 2 scrolls of identify.
  1880 | D:2      | 1880 ||| IDENTIFYING fizzy grey potion
  1881 | D:2      | 1881 ||| DROPPING potion of invisibility.
  2107 | D:3      | 2107 ||| Stepping ~*~*~tactically~*~*~ (hiding).
  2191 | D:3      | 2191 ||| FLEEEEING.
  2192 | D:3      | 2192 ||| FLEEEEING.
  2193 | D:3      | 2193 ||| FLEEEEING.
  2194 | D:3      | 2194 ||| FLEEEEING.
  2195 | D:3      | 2195 ||| FLEEEEING.
  2196 | D:3      | 2196 ||| FLEEEEING.
  2197 | D:3      | 2197 ||| FLEEEEING.
  2198 | D:3      | 2198 ||| FLEEEEING.
  2199 | D:3      | 2199 ||| FLEEEEING.
  2200 | D:3      | 2200 ||| FLEEEEING.
  2201 | D:3      | 2201 ||| FLEEEEING.
  2202 | D:3      | 2202 ||| FLEEEEING.
  2203 | D:3      | 2203 ||| FLEEEEING.
  2205 | D:3      | 2205 ||| FLEEEEING.
  2206 | D:3      | 2206 ||| FLEEEEING.
  2207 | D:3      | 2207 ||| FLEEEEING.
  2208 | D:3      | 2208 ||| FLEEEEING.
  2209 | D:3      | 2209 ||| FLEEEEING.
  2210 | D:3      | 2210 ||| FLEEEEING.
  2211 | D:3      | 2211 ||| FLEEEEING.
  2212 | D:3      | 2212 ||| FLEEEEING.
  2213 | D:3      | 2213 ||| FLEEEEING.
  2214 | D:3      | 2214 ||| FLEEEEING.
  2215 | D:3      | 2215 ||| FLEEEEING.
  2216 | D:3      | 2216 ||| FLEEEEING.
  2217 | D:3      | 2217 ||| FLEEEEING.
  2218 | D:3      | 2218 ||| FLEEEEING.
  2219 | D:3      | 2219 ||| FLEEEEING.
  2220 | D:3      | 2220 ||| FLEEEEING.
  2221 | D:3      | 2221 ||| FLEEEEING.
  2222 | D:3      | 2222 ||| FLEEEEING.
  2223 | D:3      | 2223 ||| FLEEEEING.
  2224 | D:3      | 2224 ||| FLEEEEING.
  2225 | D:3      | 2225 ||| FLEEEEING.
  2226 | D:3      | 2226 ||| FLEEEEING.
  2237 | D:3      | HP: 1/28 [orc priest/divine providence (16)]
  2237 | D:3      | Mangled by an orc

Levels and vault maps discovered:
D:1:      amcnicky_arrival_double_pillar, layout_basic
D:2:      layout_basic, minivault_26
D:3:      layout_basic, mainiacjoe_overflow_chevrons

Skill      XL: |  1  2  3  4 |
---------------+-------------+-----
Axes           | 2 3 4 |  4.4
Fighting       | |  3.2
Armour         | |  3.2
Shields        | |  3.2

Action                     |  1- 3 |  4- 6 || total
---------------------------+-------+-------++-------
  Melee: War axe           |    56 |    59 ||   115
    Use: Scroll            |     7 |     3 ||    10
 Armour: Scale mail        |    27 |    22 ||    49
  Dodge: Dodged            |    22 |    17 ||    39
  Block: Buckler           |     5 |     9 ||    14

Table legend:
 A = Non-vault XP
 B = Vault XP
 C = Vault XP percentage of total XP
 D = Non-vault monster count
 E = Vault monster count
 F = Vault count percentage of total count
                 A         B        C        D         E       F
            +---------+---------+-------+---------+---------+-------
      Total |     181 |       0 |   0.0 |      36 |       0 |   0.0
            +---------+---------+-------+---------+---------+-------
        D:1 |      21 |       0 |   0.0 |      12 |       0 |   0.0
        D:2 |      90 |       0 |   0.0 |      13 |       0 |   0.0
        D:3 |      70 |       0 |   0.0 |      11 |       0 |   0.0
            +---------+---------+-------+---------+---------+-------
